 Dungeon Crawl Stone Soup version 0.27-a0-1277-g3808f8b1c9 (webtiles) character file.

Game seed: 5545073955660406553

23081 Glokmah the Demonic Disaster (level 12, -1/91 HPs)
             Began as a Demonspawn Ice Elementalist on June 12, 2021.
             Was a Believer of Qazlal.
             Slain by a boulder beetle (20 damage)
             ... on level 4 of the Lair of Beasts.
             The game lasted 00:34:58 (17259 turns).

Glokmah the Demonic Disaster (DsIE)                Turns: 17259, Time: 00:34:58

Health: -1/91      AC: 16    Str: 20    XL:     12   Next: 68%
Magic:  0/22       EV: 12    Int: 17    God:    Qazlal [**....]
Gold:   864        SH:  3    Dex: 19    Spells: 9/25 levels left

rFire    . . .     SeeInvis +   a - +4 hand axe (spect)
rCold    + . .     Faith    .   (no shield)
rNeg     + . .     Spirit   +   o - +2 leather armour {rC+}
rPois    .         Reflect  .   p - +2 helmet
rElec    .         Harm     .   t - +1 cloak
rCorr    +         Rampage  .   w - +0 pair of gloves
Will     .....                  (no boots)
Stlth    ++........             d - amulet of Tuol {Spirit rF- rN+ rCorr SInv}
HPRegen  0.25/turn              O - +6 ring of dexterity
MPRegen  0.18/turn              M - +6 ring of strength

@: no status effects
A: talons 2, molten scales 3, powered by death 1
a: Renounce Religion, Upheaval


You were on level 4 of the Lair of Beasts.
You worshipped Qazlal.
Qazlal was pleased with you.
You visited 3 branches of the dungeon, and saw 13 of its levels.
You also visited: Sewer.

You collected 864 gold pieces.

Inventory:

Hand Weapons
 a - a +4 spectral hand axe (weapon)
 b - a +3 hunting sling of flaming
 c - the +8 falchion of Indomitability {vorpal, rElec rPois rF+ rN+ Will+}
   (You found it on level 1 of the Lair of Beasts)

   It inflicts extra damage upon your enemies.
   It protects you from fire.
   It insulates you from electricity.
   It protects you from poison.
   It protects you from negative energy.
   It increases your willpower.
 k - a +0 war axe
 A - a +1 antimagic hand axe
 G - a +3 hunting sling
 Q - a +1 battleaxe of flaming
Missiles
 f - 354 stones
 l - a throwing net
 q - 7 silver javelins
 u - 37 poisoned darts
 y - 8 sling bullets
 H - 5 boomerangs (quivered)
Armour
 g - the +1 ring mail "Asugg" {Harm Stlth+}
   (You found it on level 4 of the Dungeon)

   It increases damage dealt and taken.
   It makes you more stealthy.
 o - a +2 leather armour of cold resistance (worn)
 p - a +2 helmet (worn)
 t - a +1 cloak (worn)
 w - a +0 pair of gloves (worn)
 B - +0 pearl dragon scales
Magical Staves
 E - a staff of conjuration
Jewellery
 d - the amulet of Tuol (around neck) {Spirit rF- rN+ rCorr SInv}
   (You acquired it on level 8 of the Dungeon)

   [amulet of guardian spirit]

   It causes incoming damage to be divided between your reserves of health and
   magic.
   It makes you vulnerable to fire.
   It protects you from negative energy.
   It lets you see invisible.
   It protects you from acid and corrosion.
 s - a ring of resist corrosion
 M - a +6 ring of strength (right hand)
 O - a +6 ring of dexterity (left hand)
 T - a ring of protection from fire
 V - a ring of positive energy
Wands
 F - a wand of mindburst (18)
 K - a wand of acid (10)
 N - a wand of iceblast (9)
 U - a wand of polymorph (8)
Scrolls
 n - a scroll of blinking
 v - 2 scrolls of magic mapping
 J - a scroll of noise
 L - 4 scrolls of teleportation
 W - 2 scrolls of identify
Potions
 e - a potion of mutation
 h - 2 potions of curing
 i - 2 potions of brilliance
 j - a potion of invisibility {unknown}
 m - a potion of ambrosia
 r - 2 potions of lignification
 x - 2 potions of magic
 z - 2 potions of heal wounds {unknown}
 C - a potion of resistance
 D - a potion of degeneration
 I - a potion of haste
 P - a potion of berserk rage {unknown}
 R - a potion of cancellation {unknown}
 S - a potion of might {unknown}


   Skills:
 + Level 7.3 Fighting
 * Level 8.7 Axes
 + Level 6.6 Armour
 - Level 1.7 Dodging
 - Level 1.7 Stealth
 + Level 7.1 Spellcasting
 - Level 5.0 Conjurations
 - Level 2.0 Translocations
 + Level 8.7 Ice Magic
 * Level 4.2 Air Magic
 * Level 11.9 Invocations


You had 9 spell levels left.
You knew the following spells:

 Your Spells              Type           Power      Damage    Failure   Level
a - Freeze                Ice            100%       1d11      1%          1
b - Frozen Ramparts       Ice            70%        1d9       1%          3
c - Ozocubu's Armour      Ice            35%        N/A       1%          3
d - Blink                 Tloc           N/A        N/A       9%          2
e - Hailstorm             Conj/Ice       29%        3d8       8%          4
f - Swiftness             Air            20%        N/A       7%          3

Your spell library contained the following spells:

 Spells                   Type           Power      Damage    Failure   Level
 Magic Dart               Conj           92%        1d7       1%          1
 Shock                    Conj/Air       84%        1d8       1%          1
 Static Discharge         Conj/Air       21%        N/A       3%          2
 Mephitic Cloud           Conj/Pois/Air  16%        N/A       11%         3
 Conjure Flame            Conj/Fire      14%        6-21      14%         3
 Call Imp                 Summ           6%         N/A       21%         2
 Passwall                 Tmut/Erth      5%         N/A       21%         2
 Slow                     Hex            6%         N/A       21%         2
 Airstrike                Air            10%        N/A       24%         4
 Passage of Golubria      Tloc           N/A        N/A       50%         4
 Lightning Bolt           Conj/Air       10%        1d23      50%         5
 Metabolic Englaciation   Hex/Ice        10%        N/A       52%         5
 Lee's Rapid Deconstruct  Erth           3%         3d6*      98%         5
 Invisibility             Hex            3%         N/A       100%        6


Dungeon Overview and Level Annotations

Branches:
Dungeon (8/15)             Temple (1/1) D:5            Lair (4/6) D:8
  Swamp (0/4) Lair:2        Snake (0/4) Lair:4        Sewer (visited)

Altars:
Ashenzari
Cheibriados
Dithmenos
Elyvilon
Fedhas
Gozag
Hepliaklqana
Kikubaaqudgha
Makhleb
Nemelex Xobeh
Okawaru
Qazlal
Ru
Sif Muna
Uskayaw
Vehumet
Wu Jian
Xom
Yredelemnul
Zin
The Shining One


Innate Abilities, Weirdness & Mutations

You have razor-sharp toenails.
You are completely covered in molten scales. (AC +4, rF+)
You regenerate a little health from kills.


Message History

The boulder beetle stops rolling and uncurls.
Casting: Hailstorm (dangerous; 8% risk of failure)
Confirm with . or Enter, or press ? or * to list all spells.
Aiming: Freeze (safe; 1% risk of failure)
Press: ? - help, Shift-Dir - straight line, f - boulder beetle
Aim: a boulder beetle (almost dead)
You freeze the boulder beetle.
The boulder beetle is almost dead.
The boulder beetle barely misses you.
Unknown command.
Casting: Freeze (safe; 1% risk of failure)
Confirm with . or Enter, or press ? or * to list all spells.
Aiming: Freeze (safe; 1% risk of failure)
Press: ? - help, Shift-Dir - straight line, f/p - boulder beetle
Aim: a boulder beetle (almost dead)
You freeze the boulder beetle.
The boulder beetle is almost dead.
The boulder beetle leaps!
Throw: 5 boomerangs
Press: ? - help, Q - select action, (/) - cycle Shift-Dir - straight line, f/p - boulder beetle
Aim: a boulder beetle (almost dead, 90% to hit)
You throw a boomerang.
The boomerang barely misses the boulder beetle.
The boulder beetle curls into a ball and begins rolling!
Throw: 5 boomerangs
Press: ? - help, Q - select action, (/) - cycle Shift-Dir - straight line, f/p - boulder beetle
Aim: a boulder beetle (almost dead, rolling, 90% to hit)
You throw a boomerang.
The boomerang hits the boulder beetle but does no damage.
The boulder beetle is almost dead.
The boulder beetle hits you!!
* * * LOW HITPOINT WARNING * * *
The boulder beetle stops rolling and uncurls.
Unknown command.
Okay, then.
You see here a water moccasin corpse.
The boulder beetle curls into a ball and begins rolling!
You feel better. The boulder beetle hits you!!
You die...

.. #.......... #..... ...
#........... ###.##
#.##........... # #
#.............. #
#..............
##..............
#P.............# #
#..##..B......# ##### #
#..#†.○#@....## ##...###
##...°##...#######...#.#
#............##.......##
##.......†.>............##
#........#................
..........#####...##....)..
...........# #.#.###.#####
##...........#. ##### ### #
#.............##


You could see a boulder beetle (rolling).

Vanquished Creatures
  The ghost of rossy the Spear-Bearer, a journeyman MfIE of Vehumet (Lair:4)
  The ghost of Matir the Destroyer, a journeyman TeFE of Vehumet (Lair:1)
  The ghost of Matir the Destroyer, a journeyman TeFE of Vehumet (Lair:1)
  3 hydras
  3 catoblepae (Lair:4)
  An ugly thing (D:8)
  3 torpor snails
  11 cane toads
  2 komodo dragons
  A rime drake (Lair:3)
  2 polar bears
  6 blink frogs
  3 wyverns
  2 wraiths
  15 yaks
  6 vampire mosquitoes (Lair:2)
  2 steam dragons (D:8)
  6 basilisks
  2 nagas (Lair:4)
  15 water moccasins
  4 black bears
  2 ice beasts
  3 sky beasts (D:6)
  2 orc warriors (D:6)
  A centaur (D:6)
  2 wolves (D:8)
  2 necrophages
  2 phantoms
  Blork the orc (D:5)
  2 kobold brigands
  12 bullfrogs
  3 scorpions
  A wight (D:8)
  2 vampire bats (Lair:1)
  4 centaur zombies
  4 hounds (D:5)
  A jelly (D:4)
  A centaur skeleton (D:7)
  An orc priest (D:7)
  A bullfrog skeleton (D:6)
  2 gnoll shamans (D:6)
  4 iguanas
  3 orc wizards
  2 killer bee zombies
  2 howler monkey zombies
  Robin (D:3)
  5 gnolls (D:6)
  8 adders
  2 shadow imps
  3 white imps
  An adder skeleton (D:5)
  A worm (D:4)
  2 dart slugs (D:3)
  20 orcs
  20 endoplasms
  10 giant cockroaches
  19 goblins
  7 hobgoblins
  6 jackals (D:4)
  6 quokkas
  13 ball pythons
  8 bats
  12 frilled lizards
  A jackal skeleton (D:3)
  12 kobolds
  5 rats
312 creatures vanquished.

Vanquished Creatures (others)
  A cane toad (Lair:4)
  A water moccasin (Lair:4)
  A butterfly (D:8)
  8 fungi
  29 plants
  6 withered plants (Lair:1)
46 creatures vanquished.

Grand Total: 358 creatures vanquished

Notes
Turn   | Place    | Note
-------+----------+-------------------------------------------
     0 | D:1      | Glokmah the Demonspawn Ice Elementalist began the quest for
                  | the Orb.
     0 | D:1      | Reached XP level 1. HP: 13/13 MP: 3/3
   381 | D:1      | Gained mutation: You regenerate a little health from kills.
                  | [demonic ancestry]
   381 | D:1      | Reached XP level 2. HP: 15/20 MP: 1/5
  1048 | D:2      | Reached skill level 1 in Fighting
  1238 | D:2      | Gained mutation: You are partially covered in molten
                  | scales. (AC +2) [demonic ancestry]
  1238 | D:2      | Reached XP level 3. HP: 16/26 MP: 4/6
  1674 | D:2      | Learned a level 3 spell: Frozen Ramparts
  1850 | D:2      | Reached skill level 1 in Armour
  1973 | D:3      | Found a hazy altar of Hepliaklqana.
  2145 | D:3      | Noticed Robin
  2156 | D:3      | Killed Robin
  2157 | D:3      | Gained mutation: You are mostly covered in molten scales.
                  | (AC +3) [demonic ancestry]
  2157 | D:3      | Reached XP level 4. HP: 32/32 MP: 0/7
  2538 | D:3      | Found an iron altar of Okawaru.
  2730 | D:4      | Learned a level 3 spell: Ozocubu's Armour
  2822 | D:4      | Noticed a scorpion
  2832 | D:4      | Killed a scorpion
  2833 | D:4      | Reached XP level 5. HP: 37/38 MP: 4/9
  2931 | D:4      | Found a glowing drain.
  2935 | Sewer    | Entered a sewer
  3370 | Sewer    | Reached skill level 5 in Ice Magic
  3370 | Sewer    | Gained mutation: You are completely covered in molten
                  | scales. (AC +4, rF+) [demonic ancestry]
  3370 | Sewer    | Reached XP level 6. HP: 46/46 MP: 2/10
  3415 | Sewer    | Learned a level 2 spell: Blink
  3857 | D:4      | Identified the +1 ring mail "Asugg" {Harm Stlth+}
  3992 | D:4      | Reached skill level 1 in Axes
  3992 | D:4      | Reached XP level 7. HP: 48/51 MP: 2/12
  4288 | D:4      | Noticed an angel
  4299 | D:4      | Found a basalt altar of Yredelemnul.
  4470 | D:5      | Entered Level 5 of the Dungeon
  4470 | D:5      | Noticed Blork the orc
  4731 | D:5      | Found a shimmering blue altar of Sif Muna.
  4745 | D:5      | Reached skill level 1 in Translocations
  4757 | D:5      | Found a staircase to the Ecumenical Temple.
  4766 | Temple   | Entered the Ecumenical Temple
  5025 | Temple   | Became a worshipper of Qazlal Stormbringer
  5347 | D:5      | Killed Blork the orc
  5348 | D:5      | Reached skill level 1 in Invocations
  5485 | D:5      | Found a shimmering altar of Xom.
  5950 | D:6      | Identified the +0 leather armour of Lesser Demons {-Tele
                  | +Inv Slay+5 Stlth+}
  5961 | D:6      | Reached skill level 2 in Invocations
  5961 | D:6      | Reached XP level 8. HP: 52/58 MP: 6/13
  6105 | D:6      | Reached skill level 3 in Invocations
  6123 | D:5      | Reached * piety under Qazlal
  6544 | D:6      | Found a sparkling altar of Nemelex Xobeh.
  6575 | D:6      | Reached skill level 4 in Invocations
  6884 | D:6      | Gained mutation: You have sharp toenails. [demonic
                  | ancestry]
  6884 | D:6      | Reached XP level 9. HP: 33/65 MP: 11/15
  7080 | D:6      | Reached skill level 5 in Invocations
  8424 | D:7      | Reached skill level 6 in Invocations
  9059 | D:7      | Found a blossoming altar of Fedhas.
  9218 | D:8      | Noticed a purple ugly thing
  9320 | D:8      | Found a broken altar of Ashenzari.
  9467 | D:8      | Killed a purple ugly thing
  9467 | D:8      | Reached ** piety under Qazlal
  9468 | D:8      | Reached skill level 5 in Axes
  9468 | D:8      | Reached skill level 5 in Spellcasting
  9503 | D:8      | Reached skill level 7 in Invocations
  9587 | D:8      | Reached skill level 5 in Fighting
  9630 | D:8      | Reached XP level 10. HP: 19/74 MP: 10/17
 10014 | D:8      | Identified a scroll of acquirement
 10014 | D:8      | Acquired the amulet of Tuol {Spirit rF- rN+ rCorr SInv}
 10207 | D:8      | Learned a level 4 spell: Hailstorm
 10211 | D:8      | Learned a level 3 spell: Swiftness
 10299 | D:8      | Found an ancient bone altar of Kikubaaqudgha.
 10388 | D:8      | Found a staircase to the Lair.
 10488 | D:8      | Reached skill level 8 in Invocations
 10545 | D:8      | Reached skill level 1 in Conjurations
 10948 | Lair:1   | Entered Level 1 of the Lair of Beasts
 10962 | Lair:1   | Noticed a cane toad
 10969 | Lair:1   | Killed a cane toad
 11219 | Lair:1   | Noticed a cane toad
 11229 | Lair:1   | Killed a cane toad
 11230 | Lair:1   | Reached skill level 5 in Armour
 11278 | Lair:1   | Noticed a cane toad
 11288 | Lair:1   | Killed a cane toad
 11292 | Lair:1   | Reached *** piety under Qazlal
 11376 | Lair:1   | Noticed a cane toad
 11385 | Lair:1   | Killed a cane toad
 11472 | Lair:1   | Found a runed translucent gate.
 11472 | Lair:1   | Found a runed translucent gate.
 11473 | Lair:1   | Found a runed translucent gate.
 11474 | Lair:1   | Noticed Matir's ghost (journeyman TeFE)
 11474 | Lair:1   | Noticed Matir's ghost (journeyman TeFE)
 11475 | Lair:1   | Identified the +8 falchion of Indomitability {vorpal, rElec
                  | rPois rF+ rN+ Will+}
 11639 | Lair:1   | Reached skill level 9 in Invocations
 11744 | Lair:1   | Noticed a six-headed hydra
 11750 | Lair:1   | Killed a six-headed hydra
 11765 | Lair:1   | Reached XP level 11. HP: 81/81 MP: 3/19
 12265 | Lair:1   | Killed Matir's ghost
 12278 | Lair:1   | Killed Matir's ghost
 12396 | Lair:2   | Noticed a seven-headed hydra
 12404 | Lair:2   | Killed a seven-headed hydra
 12556 | Lair:2   | Found a staircase to the Swamp.
 12584 | Lair:2   | Reached skill level 10 in Invocations
 12674 | Lair:2   | Noticed a six-headed hydra
 12679 | Lair:2   | Killed a six-headed hydra
 12900 | Lair:2   | Reached skill level 5 in Conjurations
 13083 | Lair:2   | Reached skill level 1 in Air Magic
 13488 | Lair:2   | Gained mutation: You have razor-sharp toenails. [demonic
                  | ancestry]
 13488 | Lair:2   | Reached XP level 12. HP: 65/89 MP: 9/21
 13818 | Lair:3   | Reached skill level 11 in Invocations
 13993 | Lair:3   | Identified the +1 flail of the Dozen Runes {vorpal, Contam
                  | Str+5 Dex+4}
 15121 | Lair:4   | Noticed a catoblepas
 15121 | Lair:4   | Noticed a catoblepas
 15686 | Lair:4   | Killed a catoblepas
 15988 | Lair:4   | Found a staircase to the Snake Pit.
 16448 | Lair:4   | Noticed rossy's ghost (journeyman MfIE)
 16462 | Lair:4   | Found a transporter.
 16470 | Lair:4   | Found a transporter.
 16491 | Lair:4   | Killed rossy's ghost
 16881 | Lair:4   | Noticed a catoblepas
 16891 | Lair:4   | Killed a catoblepas
 16936 | Lair:4   | Killed a catoblepas
 17228 | Lair:4   | Noticed a boulder beetle
 17259 | Lair:4   | Slain by a boulder beetle

Illustrated notes

Levels and vault maps discovered:
D:1:      ebering_trefoil_3fold, layout_rooms, minmay_misc_feat_room
D:2:      layout_loops_corners
D:3:      layout_rooms, nicolae_overflow_crystal_walls,
          kennysheep_okawaru_gauntlet, uniq_robin
D:4:      layout_rooms, grunt_temple_overflow_holy_war, gup_sewer_entry_spiral,
          serial_corexii_hall, chequers_hall_statues_wall_a,
          chequers_hall_statues_corner_a, minivault_27
D:5:      layout_rooms, xom_teletrap_fun, kennysheep_mini_moat, temple_hall,
          roderic_serpentine_path, uniq_blork_the_orc
D:6:      layout_loops_ring, marbit_many_paths, hangedman_minor_gate_pass
D:7:      layout_basic, kennysheep_little_box, wad_floor_pattern_untrapped
D:8:      layout_layer_cave, cheibrodos_ashenzari_chains,
          nicolae_elyvilon_peaceful_grove, nicolae_kikubaaqudgha_miasma_corner,
          minmay_lair_entry_grove
Temple:   dpeg_chambers_temple
Lair:1:   layout_chaotic_city, gammafunk_ghost_cemetery, roderic_batcave
Lair:2:   layout_chaotic_city, minmay_swamp_entry_swarm, st_stairs_12,
          hangedman_lair_generics_rect, infiniplex_staircase_pool_2,
          lemuel_fruit_tree
Lair:3:   layout_cave_pods
Lair:4:   nzn_motion_control, layout_cave_pods, guppyfry_snake_entry_garden,
          gammafunk_ghost_arena

Skill      XL: |  1  2  3  4  5  6  7  8  9 10 11 12 |
---------------+-------------------------------------+-----
Ice Magic      | 4 5 6 7 8 |  8.7
Fighting       | 1 2 3 4 5 6 7 |  7.3
Armour         | 1 2 3 4 5 6 |  6.6
Spellcasting   | 3 4 5 6 7 |  7.1
Axes           | 1 2 3 5 6 7 8 |  8.7
Translocations | 1 2 |  2.0
Invocations    | 2 4 7 9 10 11 | 11.9
Conjurations   | 3 5 |  5.0
Air Magic      | 2 4 |  4.2
Dodging        | |  1.7
Stealth        | |  1.7

Action                   |  1- 3 |  4- 6 |  7- 9 | 10-12 || total
-------------------------+-------+-------+-------+-------++-------
Melee: Club              |     3 |       |       |       ||     3
       Unarmed           |     1 |       |       |       ||     1
       Dagger            |     8 |       |       |       ||     8
       Hand axe          |       |   159 |   183 |   266 ||   608
       Kick              |       |       |    29 |    95 ||   124
 Fire: Hunting sling     |    24 |     9 |    76 |     9 ||   118
Throw: Boomerang         |       |       |       |     2 ||     2
 Cast: Freeze            |    42 |    18 |    39 |    43 ||   142
       Frozen Ramparts   |     2 |    11 |    43 |    37 ||    93
       Ozocubu's Armour  |       |     4 |    19 |    26 ||    49
       Blink             |       |       |     1 |       ||     1
       Hailstorm         |       |       |       |     7 ||     7
Invok: Upheaval          |       |       |       |    10 ||    10
  Use: Scroll            |       |     6 |     9 |    14 ||    29
       Potion            |       |       |       |     2 ||     2
 Stab: Sleeping          |     2 |     1 |       |       ||     3
       Distracted        |       |       |       |     3 ||     3
Armor: Robe              |    10 |       |       |       ||    10
       Leather armour    |       |    92 |   186 |   149 ||   427
Dodge: Dodged            |    30 |   129 |   156 |   134 ||   449
Block: Other             |       |       |    10 |    21 ||    31

Table legend: (Time is in decaauts)
 A = Elapsed time spent in this place.
 B = Non-inter-level travel time spent in this place.
 C = Inter-level travel time spent in this place.
 D = Time resting spent in this place.
 E = Time spent auto-exploring this place.
 F = Levels seen in this place.
 G = Mean time per level.
                   A        B        C        D        E       F      G
               +--------+--------+--------+--------+--------+-----+--------+
         Total |  17479 |  16575 |    904 |   3268 |  10250 |  14 | 1248.5 |
       Dungeon |  10308 |   9655 |    653 |   1442 |   6381 |   8 | 1288.5 |
        Temple |    286 |    240 |     46 |      0 |    238 |   1 |  286.0 |
          Lair |   6313 |   6108 |    205 |   1806 |   3376 |   4 | 1578.2 |
         Sewer |    570 |    570 |      0 |     20 |    255 |   1 |  570.0 |
               +--------+--------+--------+--------+--------+-----+--------+

Top non-repeatable levels by time:
     D:6: 1846 daAuts
  Lair:4: 1821 daAuts
     D:8: 1726 daAuts
  Lair:3: 1669 daAuts
  Lair:1: 1637 daAuts
     D:7: 1375 daAuts
     D:2: 1344 daAuts
     D:4: 1262 daAuts
     D:5: 1250 daAuts
  Lair:2: 1184 daAuts
     D:3: 806 daAuts
     D:1: 695 daAuts
   Sewer: 570 daAuts
  Temple: 286 daAuts
